 Dungeon Crawl Stone Soup version 0.32-a0-314-g526f7d4993 (webtiles) character file.

Game seed: 10875972260430007709

3059 timneilson the Ruffian (level 9, -1/62 HPs)
             Began as an Octopode Shapeshifter on Feb 15, 2024.
             Was an Initiate of Gozag.
             Slain by a centaur warrior (4 damage)
             ... on level 8 of the Dungeon.
             The game lasted 00:13:57 (7362 turns).

timneilson the Ruffian (Octopode Shapeshifter)      Turns: 7362, Time: 00:13:57

Health: -1/62      AC:  5    Str: 17    XL:     9   Next: 87%
Magic:  9/9        EV: 20    Int: 12    God:    Gozag
Gold:   1021       SH:  0    Dex: 12    Spells: 8/8 levels left

rFire   . .          .
                       - Unarmed
rCold   . . .        (no shield)
rNeg    . . .        (helmet currently unavailable)
rPois   .            (no amulet)
rElec   .            t - +5 ring of evasion
rCorr   .            w - +4 ring of protection
SInv    .            (no ring)
Will    .....        (no ring)
Stlth   ++++         (no ring)
HPRegen 0.30/turn    (no ring)
MPRegen 0.11/turn    (no ring)
                     (no ring)

%: no passive effects
@: beast-form, gold aura
A: beast (slay +3), almost no armour, amphibious, 8 rings, camouflage 1,
gelatinous body 1, (nimble swimmer 1), tentacles
a: Begin Untransformation, Renounce Religion, Potion Petition, Call Merchant,
Bribe Branch


You were on level 8 of the Dungeon.
You worshipped Gozag.
Gozag was most pleased with you.
You were a hulking beast.
You visited 1 branch of the dungeon, and saw 8 of its levels.

You collected 1079 gold pieces.
You paid 58 gold pieces to Gozag.

Inventory:

Missiles
 l - 5 curare-tipped darts (quivered)
 q - 3 poisoned darts
Jewellery
 j - a ring of ice
 r - a ring of magical power
 t - a +5 ring of evasion (left tentacle)
 w - a +4 ring of protection (right tentacle)
Talismans
 b - a beast talisman (active)
 c - a flux talisman
Wands
 s - a wand of flame (35)
 u - a wand of charming (16)
Scrolls
 d - 5 scrolls of teleportation
 k - 2 scrolls of blinking
 n - a scroll of fog
 p - 3 scrolls of identify
Potions
 a - a potion of lignification
 e - a potion of berserk rage
 f - 3 potions of heal wounds
 g - 3 potions of brilliance
 h - 2 potions of invisibility
 i - 6 potions of curing
 m - a potion of resistance
 o - 3 potions of attraction
 z - a potion of ambrosia


   Skills:
 * Level 6.2 Fighting
 * Level 6.5 Dodging
 + Level 6.5 Stealth
 * Level 7.0 Unarmed Combat
 + Level 1.0 Evocations
 * Level 6.4 Shapeshifting


You had 8 spell levels left.
You didn't know any spells.
Your spell library contained the following spells:

 Spells                   Type           Power      Damage    Failure   Level
 Ensorcelled Hibernation  Hex/Ice        0%         N/A       45%         2
 Lesser Beckoning         Tloc           0%         N/A       45%         2
 Dazzling Flash           Conj/Hex       0%         N/A       69%         3
 Fugue of the Fallen      Necr           0%         N/A       69%         3
 Gell's Gravitas          Tloc           0%         N/A       69%         3
 Teleport Other           Tloc           0%         N/A       69%         3
 Volatile Blastmotes      Fire/Tloc      0%         2d10      69%         3
 Anguish                  Hex/Necr       0%         N/A       97%         4
 Starburst                Conj/Fire      0%         6d3       100%        6
 Maxwell's Capacitive Co  Air            0%         ∞         100%        8


Dungeon Overview and Level Annotations

Branches:
Dungeon (8/15)             Temple (0/1) D:6
   Lair: D:8-11

Altars:
Ashenzari
Dithmenos
Elyvilon
Fedhas
Gozag
Hepliaklqana
Nemelex Xobeh
Ru
Trog
Uskayaw
Vehumet
Zin
The Shining One

Shops:
D:6 =


Innate Abilities, Weirdness & Mutations

You are a hulking beast.
Your limbs bulge with bestial killing power. (Slay +3)
You cannot wear most types of armour.
You are amphibious.
You can wear up to eight rings at the same time.
Your skin changes colour to match your surroundings (Stealth+).
Your rubbery body absorbs attacks. (AC +1, EV +1)
((You are camouflaged when in or above water. (Stealth+)))
You have tentacles for arms and can constrict up to eight enemies at once.


Message History

The cyclops closely misses you.
You bludgeon the cyclops! You tentacle-slap the cyclops.
The cyclops is severely wounded.
You tentacle-slap the cyclops.
The cyclops is almost dead.
The cyclops closely misses you.
You tentacle-slap the cyclops.
The cyclops is almost dead.
The cyclops closely misses you.
You tentacle-slap the cyclops. You squeeze the cyclops.
You kill the cyclops!
The centaur warrior shoots an arrow.
The arrow hits you!
The centaur warrior wields a +0 orcbow.
The centaur warrior shoots an arrow.
The arrow completely misses you.
The centaur warrior shoots an arrow.
The arrow hits you!
* * * LOW HITPOINT WARNING * * *
Your Unarmed Combat skill increases to level 7!
Your Evocations skill increases to level 1!
The centaur warrior is distracted by your dazzling golden aura.
The centaur warrior is distracted by your dazzling golden aura.
The centaur warrior shouts! x2
You bludgeon the centaur warrior!
The centaur warrior is no longer distracted by gold.
The centaur warrior is lightly wounded.
The centaur warrior unwields a +0 orcbow.
The centaur warrior closely misses you.
The centaur warrior completely misses you.
You tentacle-slap the centaur warrior but do no damage.
Your tentacle-slap misses the centaur warrior.
You squeeze the centaur warrior!
The centaur warrior is moderately wounded.
The centaur warrior closely misses you. The centaur warrior kicks you.
* * * LOW HITPOINT WARNING * * *
The howler monkey misses you.
You tentacle-slap the centaur warrior but do no damage.
You squeeze the centaur warrior!
The centaur warrior is heavily wounded.
The centaur warrior barely misses you. The centaur warrior kicks you.
You die...
Your body crumbles into a pile of gold.

#.........##########....#.###
....#....................#.#....
.....#..#########.......# #####
......... ##..##....)..#
.....>#... #....##...).## ###
.....##....#.....###$### #..
..... #.... #........## #.#
#.........# #.# ##hc###...# #.#
#h## ..## #.# #..c.$c.....##
##.# #....##!#...## #... ...#
..##..# #### .. ... ..# .... ...
##.. #(. ##.. ..


You could see 2 centaur warriors and a howler monkey.

Vanquished Creatures
  A cyclops (D:8)
  Sigmund (D:5)
  2 steam dragons
  Edmund (D:6)
  2 ice beasts
  3 black bears
  A centaur (D:7)
  A phantom (D:7)
  A scorpion (D:6)
  9 wights
  A howler monkey (D:5)
  3 jellies
  3 orc priests (D:6)
  5 hounds
  2 sleepcaps
  4 orc wizards
  2 iguanas
  Robin (D:3)
  8 gnolls
  7 adders
  2 shadow imps
  2 white imps
  4 ufetubi
  2 dart slugs
  A ribbon worm (D:3)
  24 orcs
  10 ball pythons
  4 endoplasms
  A giant cockroach (D:4)
  15 hobgoblins
  6 jackals
  9 kobolds
  4 quokkas
  6 bats
  5 frilled lizards
  12 goblins
  A rat (D:3)
166 creatures vanquished.

Notes
Turn   | Place    | Note
-------+----------+-------------------------------------------
     0 | D:1      | timneilson the Octopode Shapeshifter began the quest for
                  | the Orb.
     0 | D:1      | Reached XP level 1. HP: 13/13 MP: 1/1
    92 | D:1      | Reached XP level 2. HP: 12/18 MP: 2/2
   422 | D:1      | Reached skill level 1 in Stealth
   680 | D:2      | Reached XP level 3. HP: 18/23 MP: 3/3
  1074 | D:2      | Reached XP level 4. HP: 13/29 MP: 4/4
  1178 | D:1      | HP: 1/29 [gnoll/+0 halberd (15)]
  1783 | D:3      | Reached XP level 5. HP: 34/34 MP: 5/5
  2185 | D:3      | Reached XP level 6. HP: 41/41 MP: 6/6
  2370 | D:3      | Noticed Robin
  2381 | D:3      | Killed Robin
  2510 | D:3      | Reached skill level 4 in Unarmed Combat
  2621 | D:3      | Found an opulent altar of Gozag.
  2624 | D:3      | Became a worshipper of Gozag Ym Sagoz the Greedy
  3045 | D:4      | Found a hazy altar of Hepliaklqana.
  3256 | D:5      | Entered Level 5 of the Dungeon
  3262 | D:5      | Noticed a black bear
  3282 | D:4      | Killed a black bear
  3283 | D:4      | Reached XP level 7. HP: 20/46 MP: 7/7
  3807 | D:5      | Found a hide-covered altar of Uskayaw.
  3841 | D:5      | Found a white marble altar of Elyvilon.
  3861 | D:5      | Found a glowing golden altar of the Shining One.
  4061 | D:5      | Found a sacrificial altar of Ru.
  4198 | D:5      | Found a radiant altar of Vehumet.
  4440 | D:5      | Noticed Sigmund
  4459 | D:5      | Killed Sigmund
  4460 | D:5      | Reached skill level 5 in Unarmed Combat
  4460 | D:5      | Reached XP level 8. HP: 11/54 MP: 8/8
  4729 | D:6      | Reached skill level 5 in Shapeshifting
  4894 | D:6      | Reached skill level 5 in Dodging
  5020 | D:6      | Found a staircase to the Ecumenical Temple.
  5052 | D:6      | Reached skill level 5 in Stealth
  5056 | D:6      | Found Foaffats's Jewellery Boutique.
  5315 | D:6      | Noticed Edmund
  5325 | D:6      | Killed Edmund
  5326 | D:6      | Reached skill level 5 in Fighting
  5390 | D:6      | Found a broken altar of Ashenzari.
  5580 | D:7      | Found a shadowy altar of Dithmenos.
  5618 | D:7      | Found a blossoming altar of Fedhas.
  5626 | D:7      | Found a glowing silver altar of Zin.
  5668 | D:7      | Reached XP level 9. HP: 61/61 MP: 9/9
  6160 | D:6      | Reached skill level 6 in Unarmed Combat
  7087 | D:8      | Found a bloodstained altar of Trog.
  7092 | D:8      | Found a sparkling altar of Nemelex Xobeh.
  7344 | D:8      | Noticed a cyclops
  7347 | D:8      | Noticed a centaur warrior
  7348 | D:8      | Noticed a centaur warrior
  7357 | D:8      | Killed a cyclops
  7358 | D:8      | Reached skill level 7 in Unarmed Combat
  7358 | D:8      | Reached skill level 1 in Evocations
  7361 | D:8      | HP: 3/62 [centaur warrior (4)]
  7362 | D:8      | Slain by a centaur warrior

Illustrated notes

Levels and vault maps discovered:
D:1:      mainiacjoe_arrival_oval_in_oval, layout_basic, dreamdust_wishing_well
D:2:      layout_loops_ring, serial_bayou_lake_a
D:3:      layout_loops_ring, mainiacjoe_overflow_alcove_4,
          nicolae_elevator_lobby_plus, uniq_robin
D:4:      layout_basic, mainiacjoe_overflow_boulevard
D:5:      layout_basic, nicolae_uskayaw_murder_on_the_dancefloor,
          kennysheep_little_box, nicolae_overflow_hidden_temple,
          jmf_multi_god_temple2, minmay_crossroads, uniq_sigmund
D:6:      layout_rooms, marbit_many_paths, minmay_temple_entry_mist,
          serial_shops, shop, uniq_edmund
D:7:      layout_layer_cave, fedhas_bush_and_centaur_altar, old_standard_altar,
          zin_academy, grunt_decor_junction, chequers_serial_rivers_small_a
D:8:      minmay_curly_fans, layout_basic, mainiacjoe_overflow_large_starburst

Skill      XL: |  1  2  3  4  5  6  7  8  9 |
---------------+----------------------------+-----
Stealth        | 1 2 3 4 5 6 |  6.5
Fighting       | 2 3 4 5 6 |  6.2
Dodging        | 3 4 5 6 |  6.5
Unarmed Combat | 4 5 7 |  7.0
Shapeshifting  | 4 5 6 |  6.4
Evocations     | 1 |  1.0

Action                     |  1- 3 |  4- 6 |  7- 9 || total
---------------------------+-------+-------+-------++-------
  Melee: Unarmed           |    38 |   134 |   197 ||   369
         Tentacles         |    12 |    25 |    51 ||    88
         Constrict         |    16 |    40 |    37 ||    93
         Punch             |     3 |     6 |    16 ||    25
  Throw: Dart              |       |       |     6 ||     6
    Use: Scroll            |     4 |     7 |     7 ||    18
   Stab: Sleeping          |     3 |    12 |    13 ||    28
 Armour: Skin              |    11 |    47 |    81 ||   139
  Dodge: Dodged            |    28 |    67 |   146 ||   241

Table legend: (Time is in decaauts)
 A = Elapsed time spent in this place.
 B = Non-inter-level travel time spent in this place.
 C = Inter-level travel time spent in this place.
 D = Time resting spent in this place.
 E = Time spent auto-exploring this place.
 F = Levels seen in this place.
 G = Mean time per level.
                   A        B        C        D        E       F      G
               +--------+--------+--------+--------+--------+-----+--------+
         Total |   7337 |   7150 |    187 |    817 |   4719 |   8 |  917.1 |
       Dungeon |   7337 |   7150 |    187 |    817 |   4719 |   8 |  917.1 |
               +--------+--------+--------+--------+--------+-----+--------+

Top non-repeatable levels by time:
     D:7: 1277 daAuts
     D:5: 1198 daAuts
     D:6: 1123 daAuts
     D:3: 1016 daAuts
     D:1: 931 daAuts
     D:2: 811 daAuts
     D:4: 658 daAuts
     D:8: 320 daAuts
